 Dungeon Crawl Stone Soup version 0.27-a0-287-gd4424db430 (webtiles) character file.

Game seed: 16018473168309523943

95 lunkers the Digger (level 4, -1/27 HPs)
             Began as an Octopode Earth Elementalist on Feb 8, 2021.
             Was an Initiate of Ashenzari.
             Slain by Terence
             ... wielding a +1 hand axe of venom
              (4 damage)
             ... on level 2 of the Dungeon.
             The game lasted 00:03:49 (2204 turns).

lunkers the Digger (Octopode Earth Elementalist)    Turns: 2204, Time: 00:03:50

Health: -1/27      AC:  3    Str:  7    XL:     4   Next: 65%
Magic:  8/8        EV: 13    Int: 18    God:    Ashenzari [......]
Gold:   90         SH:  0    Dex: 12    Spells: 2/8 levels left

rFire    . . .     SeeInvis .   d - +0 dagger (venom)
rCold    . . .     Faith    .   (no shield)
rNeg     . . .     Spirit   .   i - +2 hat
rPois    .         Reflect  .   f - amulet of inaccuracy (curse)
rElec    .         Harm     .   (no ring)
rCorr    .         Rampage  .   (no ring)
Will     .....                  (no ring)
Stlth    +++.......             (no ring)
HPRegen  0.09/turn              (no ring)
MPRegen  0.11/turn              (no ring)
                                (no ring)
                                (no ring)

@: lethally poisoned (-1 -> -12)
A: almost no armour, stealthy swim, amphibious, 8 rings, constrict 8, camouflage
1, gelatinous body 1
a: Renounce Religion, Curse Item


You were on level 2 of the Dungeon.
You worshipped Ashenzari.
Ashenzari was noncommittal.
You visited 1 branch of the dungeon, and saw 3 of its levels.

You collected 90 gold pieces.

Inventory:

Hand Weapons
 d - a +0 dagger of venom (weapon)
Missiles
 b - 52 stones
Armour
 i - a +2 hat (worn)
Jewellery
 f - a cursed amulet of inaccuracy (around mantle)
Scrolls
 a - a scroll of identify
Potions
 e - a potion of magic {unknown}
 g - a potion of resistance


   Skills:
 - Level 2.0 Dodging
 - Level 2.6 Stealth
 + Level 2.9 Spellcasting
 - Level 1.0 Transmutations
 * Level 4.6 Earth Magic


You had 2 spell levels left.
You knew the following spells:

 Your Spells              Type           Power        Failure   Level
a - Stone Arrow           Conj/Erth      22%          19%         3
b - Passwall              Tmut/Erth      10%          8%          2
c - Sandblast             Erth           38%          2%          1

Your spell library contained the following spells:

 Spells                   Type           Power        Failure   Level
 Petrify                  Tmut/Erth      12%          45%         4
 Lee's Rapid Deconstruct  Erth           9%           56%         5


Dungeon Overview and Level Annotations

Branches:
Dungeon (3/15)

Altars:
Ashenzari

Annotations:
D:2 Terence


Innate Abilities, Weirdness & Mutations

You cannot wear most types of armour.
You are very stealthy in the water. (Stealth+)
You are amphibious.
You can wear up to eight rings at the same time.
You can use your tentacles to constrict eight enemies at once.
Your skin changes colour to match your surroundings (Stealth+).
Your rubbery body absorbs attacks. (AC +1, EV +1)


Message History

Terence drinks a potion.
Terence goes berserk!
There is a stone staircase leading up here.
You feel sick. Terence hits you but does no damage.
You are more poisoned.
You climb upwards.
You feel sick.
There is a stone staircase leading down here.
You feel sick.
Terence hits you with a +1 hand axe of venom!
* * * LOW HITPOINT WARNING * * *
You are more poisoned.
* * * LOW HITPOINT WARNING * * *
You feel sick.
* * * LOW HITPOINT WARNING * * *
You feel sick.
It was a potion of curing.
You feel better.
Terence hits you with a +1 hand axe of venom!
* * * LOW HITPOINT WARNING * * *
You are lethally poisoned!
Terence hits you with a +1 hand axe of venom.
You die...

#..### #.# #...#.# ..)# #.#
##..#.# ..### #.####..#.#
....####......##.#
###...#####...##.#
###.......#.##.# ###
######....##.# ..#####
##......###########
#..)..#####(#.##@..........#
#####..(........@..........#
..########..#.##...........#
...#......!.#.##...>.......#
...#......#.#.##...........#
...#......#...##...).......#
...#......##..#............#
...#......###...#.[........#
##.##.##### #...#..........#


You could see Terence (berserk).

Vanquished Creatures
  3 gnolls
  An adder (D:2)
  An ooze (D:2)
  A worm (D:2)
  3 dart slugs
  2 ball pythons
  6 bats
  2 giant cockroaches
  3 hobgoblins
  2 jackals (D:1)
  4 quokkas
  2 frilled lizards (D:2)
  4 goblins
  6 kobolds
  4 rats
44 creatures vanquished.

Notes
Turn   | Place    | Note
-------+----------+-------------------------------------------
     0 | D:1      | lunkers the Octopode Earth Elementalist began the quest for
                  | the Orb.
     0 | D:1      | Reached XP level 1. HP: 11/11 MP: 3/3
    88 | D:1      | Reached XP level 2. HP: 17/17 MP: 1/5
   831 | D:2      | Reached XP level 3. HP: 21/21 MP: 3/6
   941 | D:2      | Reached skill level 4 in Earth Magic
   968 | D:1      | Reached XP level 4. HP: 7/27 MP: 0/8
  1235 | D:2      | Learned a level 2 spell: Passwall
  1239 | D:2      | Learned a level 3 spell: Stone Arrow
  1821 | D:2      | Found a broken altar of Ashenzari.
  1829 | D:2      | Became a worshipper of Ashenzari the Shackled
  2091 | D:3      | Noticed Terence
  2203 | D:2      | HP: 1/27 [poisoned by Terence]
  2204 | D:2      | Slain by Terence

Illustrated notes

Levels and vault maps discovered:
D:1:      amcnicky_arrival_feature_with_door, layout_basic
D:2:      layout_rooms, ashenzari_altar_1
D:3:      layout_basic, eat_drink_and_be_merry_uskayaw,
          chequers_ecumenical_altar_simple_redux, uniq_terence

Skill      XL: |  1  2  3 |
---------------+----------+-----
Earth Magic    | 4 |  4.6
Dodging        | |  2.0
Stealth        | |  2.6
Spellcasting   | |  2.9
Transmutations | |  1.0

Action                   |  1- 3 |  4- 6 || total
-------------------------+-------+-------++-------
Melee: Unarmed           |     8 |     6 ||    14
       Constrict         |     3 |    12 ||    15
       Tentacles         |     2 |     3 ||     5
       Dagger            |       |    28 ||    28
 Cast: Sandblast         |    34 |    13 ||    47
  Use: Scroll            |       |     3 ||     3
       Potion            |       |     3 ||     3
 Stab: Sleeping          |       |     3 ||     3
Armor: Skin              |     2 |    10 ||    12
Dodge: Dodged            |     6 |    43 ||    49

Table legend: (Time is in decaauts)
 A = Elapsed time spent in this place.
 B = Non-inter-level travel time spent in this place.
 C = Inter-level travel time spent in this place.
 D = Time resting spent in this place.
 E = Time spent auto-exploring this place.
 F = Levels seen in this place.
 G = Mean time per level.
                   A        B        C        D        E       F      G
               +--------+--------+--------+--------+--------+-----+--------+
         Total |   2205 |   2168 |     37 |    505 |   1246 |   3 |  735.0 |
       Dungeon |   2205 |   2168 |     37 |    505 |   1246 |   3 |  735.0 |
               +--------+--------+--------+--------+--------+-----+--------+

Top non-repeatable levels by time:
     D:2: 1129 daAuts
     D:1: 1037 daAuts
     D:3: 38 daAuts
